APP
SEATTLE (APP) MARINERS @ BURLINGTON ROYALS
10/22/2048
 
TOP OF THE 1ST
Seattle (APP) Mariners batting - Pitching for Detroit (APP) Tigers : LHP Jayden Carey
Pitching: LHP Jayden Carey
Batting: LHB Chang Huie 0-0: Ball
1-0: Ball
2-0: Ball
3-0: Base on Balls
Batting: RHB John Vasquez 0-0: Ball
1-0: Ball
2-0: Grounds into double play, 6-4-3 (Groundball, 6M, EV 85.6 MPH)
Batting: SHB Carlos Luna 0-0: Ball
1-0: Called Strike
1-1: Ball
2-1: Foul Ball, location: 2F
2-2: Ball
3-2: DOUBLE (Line Drive, 8RXD, EV 106.2 MPH)
Batting: SHB Raghnall Ahearne 0-0: Called Strike
0-1: Foul Ball, location: 2F
0-2: Ball
1-2: Strikes out looking
Top of the 1st over - 0 runs, 1 hit, 0 errors, 1 left on base; Seattle (APP) 0 - Detroit (APP) 0
BOTTOM OF THE 1ST
Detroit (APP) Tigers batting - Pitching for Seattle (APP) Mariners : RHP Ron Skiles
Pitching: RHP Ron Skiles
Batting: RHB Billy Verdusco 0-0: Called Strike
0-1: Foul Ball, location: 2F
0-2: Ball
1-2: Ball
2-2: Foul Ball, location: 2F
2-2: Ground out 1-3 (Groundball, 13S, EV 64.4 MPH)
Batting: RHB Norm Wood 0-0: Called Strike
0-1: Swinging Strike
0-2: Ball
1-2: Ground out 5-3 (Groundball, 5, EV 106.2 MPH)
Batting: RHB Kevin Steed 0-0: Ball
1-0: Ground out 5-3 (Groundball, 56S, EV 80.0 MPH)
Bottom of the 1st over - 0 runs, 0 hits, 0 errors, 0 left on base; Seattle (APP) 0 - Detroit (APP) 0
TOP OF THE 2ND
Seattle (APP) Mariners batting - Pitching for Detroit (APP) Tigers : LHP Jayden Carey
Batting: SHB Frank Amato 0-0: Ball
1-0: Called Strike
1-1: Swinging Strike
1-2: Strikes out swinging
Batting: RHB Danny Pujols 0-0: Swinging Strike
0-1: Ball
1-1: Swinging Strike
1-2: Fly out, F8 (Flyball, 8LXD, EV 100.0 MPH)
Batting: RHB Omar Solis 0-0: Ball
1-0: Ball
2-0: Foul Ball, location: 2F
2-1: SINGLE (Groundball, 4D, EV 105.0 MPH)
Batting: LHB Prince Nunley 0-0: Called Strike
0-1: Foul Ball, location: 2F
0-2: Ball
1-2: Ground out 4-3 (Groundball, 4, EV 91.2 MPH)
Top of the 2nd over - 0 runs, 1 hit, 0 errors, 1 left on base; Seattle (APP) 0 - Detroit (APP) 0
BOTTOM OF THE 2ND
Detroit (APP) Tigers batting - Pitching for Seattle (APP) Mariners : RHP Ron Skiles
Batting: RHB Yasutaka Yamasaki 0-0: Ball
1-0: Called Strike
1-1: Ball
2-1: Ground out 4-3 (Groundball, 4, EV 104.4 MPH)
Batting: LHB Afanasy Zasekin 0-0: Called Strike
0-1: Foul Ball, location: 2F
0-2: Strikes out swinging
Batting: RHB Ernst Meloche 0-0: Ball
1-0: Ball
2-0: Foul Ball, location: 2F
2-1: SOLO HOME RUN (Flyball, 89XD, EV 99.4 MPH), Distance : 395 ft
Batting: LHB Glen Boyle 0-0: Ball
1-0: Ball
2-0: Ball
3-0: Foul Ball, location: 2F
3-1: Called Strike
3-2: Base on Balls
Batting: RHB Seth Fox 0-0: SINGLE (Groundball, 3D, EV 96.9 MPH)
Glen Boyle to second
Runner from 2nd tries for 3rd, OUT! 9-5
Bottom of the 2nd over - 1 run, 2 hits, 0 errors, 1 left on base; Seattle (APP) 0 - Detroit (APP) 1
TOP OF THE 3RD
Seattle (APP) Mariners batting - Pitching for Detroit (APP) Tigers : LHP Jayden Carey
Batting: RHB Ziven Badersky 0-0: Foul Ball, location: 2F
0-1: Foul Ball, location: 2F
0-2: Ball
1-2: Ball
2-2: Ball
3-2: Strikes out looking
Batting: LHB Chang Huie 0-0: Called Strike
0-1: Ball
1-1: Ball
2-1: Ball
3-1: SINGLE (Groundball, 34S, EV 65.6 MPH) (infield hit)
Batting: RHB John Vasquez 0-0: Ball
1-0: Ball
Wild Pitch!
Chang Huie to second
2-0: Ground out 2-3 (Groundball, 15S, EV 64.4 MPH)
Chang Huie to third
Batting: SHB Carlos Luna 0-0: Called Strike
0-1: Called Strike
0-2: Ball
1-2: Ground out 4-3 (Groundball, 4, EV 103.1 MPH)
Top of the 3rd over - 0 runs, 1 hit, 0 errors, 1 left on base; Seattle (APP) 0 - Detroit (APP) 1
BOTTOM OF THE 3RD
Detroit (APP) Tigers batting - Pitching for Seattle (APP) Mariners : RHP Ron Skiles
Batting: LHB Timotheus Young 0-0: Called Strike
0-1: Ball
1-1: Foul Ball, location: 2F
1-2: Ball
2-2: Ball
3-2: Ground out 4-3 (Groundball, 4, EV 103.1 MPH)
Batting: RHB Billy Verdusco 0-0: Swinging Strike
0-1: Ball
1-1: SOLO HOME RUN (Flyball, 78XD, EV 99.4 MPH), Distance : 391 ft
Batting: RHB Norm Wood 0-0: Swinging Strike
0-1: Ground out 3-1 (Groundball, 34, EV 105.6 MPH)
Batting: RHB Kevin Steed 0-0: Called Strike
0-1: Ball
1-1: Ball
2-1: Ball
3-1: Base on Balls
Batting: RHB Yasutaka Yamasaki 0-0: Called Strike
0-1: Foul Ball, location: 2F
0-2: Hit by Pitch
Kevin Steed to second
Batting: LHB Afanasy Zasekin 0-0: Called Strike
0-1: Ball
1-1: Swinging Strike
1-2: Hit by Pitch
Kevin Steed to third
Yasutaka Yamasaki to second
Batting: RHB Ernst Meloche 0-0: Ball
1-0: Ground out 3-1 (Groundball, 34, EV 90.0 MPH)
Bottom of the 3rd over - 1 run, 1 hit, 0 errors, 3 left on base; Seattle (APP) 0 - Detroit (APP) 2
TOP OF THE 4TH
Seattle (APP) Mariners batting - Pitching for Detroit (APP) Tigers : LHP Jayden Carey
Batting: SHB Raghnall Ahearne 0-0: Called Strike
0-1: Ball
1-1: Ball
2-1: SINGLE (Line Drive, 8RS, EV 105.6 MPH)
Batting: SHB Frank Amato 0-0: Ball
1-0: Swinging Strike
1-1: Foul Ball, location: 2F
1-2: Fielders Choice at 2nd, 6-4 (Groundball, 6, EV 108.8 MPH)
Batting: RHB Danny Pujols 0-0: SINGLE (Groundball, 34D, EV 105.0 MPH)
Frank Amato to second
Batting: RHB Omar Solis 0-0: Ball
1-0: Called Strike
1-1: Ball
2-1: Ball
3-1: Swinging Strike
3-2: Strikes out looking
Batting: LHB Prince Nunley 0-0: Foul Ball, location: 3F, Error on foul ball, E3
0-1: SINGLE (Groundball, 34D, EV 101.9 MPH)
Frank Amato to third
Danny Pujols to second
Runner from 3rd tries for Home, throw by RF and OUT! 9-2
Top of the 4th over - 0 runs, 3 hits, 1 error, 2 left on base; Seattle (APP) 0 - Detroit (APP) 2
BOTTOM OF THE 4TH
Detroit (APP) Tigers batting - Pitching for Seattle (APP) Mariners : RHP Ron Skiles
Batting: LHB Glen Boyle 0-0: Ball
1-0: Reached on error, E3 (Groundball, 34, EV 92.5 MPH)
Batting: RHB Seth Fox 0-0: Ball
1-0: Foul Ball, location: 2F
1-1: Grounds into double play, 6-4-3 (Groundball, 6, EV 88.8 MPH)
Batting: LHB Timotheus Young 0-0: Ball
1-0: Foul Ball, location: 2F
1-1: Ball
2-1: SOLO HOME RUN (Flyball, 9D, EV 95.6 MPH), Distance : 362 ft
Batting: RHB Billy Verdusco 0-0: Ball
1-0: Ball
2-0: Ball
3-0: Base on Balls
Batting: RHB Norm Wood 0-0: Ball
1-0: Ball
2-0: Called Strike
2-1: Called Strike
2-2: Foul Ball, location: 2F
2-2: Foul Ball, location: 2F
2-2: Ball
3-2: Base on Balls
Billy Verdusco to second
Batting: RHB Kevin Steed 0-0: Called Strike
0-1: Ball
1-1: Ball
2-1: Swinging Strike
2-2: Ground out 5-3 (Groundball, 56S, EV 88.8 MPH)
Bottom of the 4th over - 1 run, 1 hit, 1 error, 2 left on base; Seattle (APP) 0 - Detroit (APP) 3
TOP OF THE 5TH
Seattle (APP) Mariners batting - Pitching for Detroit (APP) Tigers : LHP Jayden Carey
Batting: RHB Ziven Badersky 0-0: Ball
1-0: Foul Ball, location: 2F
1-1: Foul Ball, location: 2F
1-2: Ball
2-2: Foul Ball, location: 2F
2-2: Ball
3-2: Base on Balls
Batting: LHB Chang Huie 0-0: Ball
1-0: Foul Ball, location: 2F
1-1: Swinging Strike
1-2: Strikes out swinging
Batting: RHB John Vasquez 0-0: Called Strike
0-1: Ball
1-1: Called Strike
1-2: Ball
Passed Ball!
Ziven Badersky to second
2-2: Foul Ball, location: 2F
2-2: Foul Ball, location: 2F
2-2: Ball
3-2: Foul Ball, location: 2F
3-2: Base on Balls
Pitching: RHP Matt Haberle
Batting: SHB Carlos Luna 0-0: Ball
1-0: Foul Ball, location: 2F
1-1: Called Strike
1-2: Ball
2-2: Ball
3-2: Foul Ball, location: 2F
3-2: Foul Ball, location: 2F
3-2: Strikes out swinging
Batting: SHB Raghnall Ahearne 0-0: Called Strike
0-1: Called Strike
0-2: Strikes out swinging
Top of the 5th over - 0 runs, 0 hits, 0 errors, 2 left on base; Seattle (APP) 0 - Detroit (APP) 3
BOTTOM OF THE 5TH
Detroit (APP) Tigers batting - Pitching for Seattle (APP) Mariners : RHP Ron Skiles
Pitching: RHP Eric Dixon
Batting: RHB Yasutaka Yamasaki 0-0: Called Strike
0-1: Foul Ball, location: 2F
0-2: Strikes out swinging, 2-3 out at first.
Batting: LHB Afanasy Zasekin 0-0: Ball
1-0: Called Strike
1-1: DOUBLE (Line Drive, 7LM, EV 108.1 MPH)
Batting: RHB Ernst Meloche 0-0: Called Strike
0-1: Ball
1-1: Ground out 1-3 (Groundball, 13, EV 68.1 MPH)
Afanasy Zasekin to third
Batting: LHB Glen Boyle 0-0: Called Strike
0-1: Hit by Pitch
Batting: RHB Seth Fox 0-0: Swinging Strike
0-1: Ball
1-1: Called Strike
1-2: Ball
2-2: Ball
3-2: Ground out 6-3 (Groundball, 6S, EV 66.2 MPH)
Bottom of the 5th over - 0 runs, 1 hit, 0 errors, 2 left on base; Seattle (APP) 0 - Detroit (APP) 3
TOP OF THE 6TH
Seattle (APP) Mariners batting - Pitching for Detroit (APP) Tigers : RHP Matt Haberle
Batting: SHB Frank Amato 0-0: Called Strike
0-1: Foul Ball, location: 2F
0-2: Ball
1-2: Strikes out looking
Batting: RHB Danny Pujols 0-0: Swinging Strike
0-1: Foul Ball, location: 2F
0-2: Ball
1-2: Strikes out looking
Batting: RHB Omar Solis 0-0: Ball
1-0: Swinging Strike
1-1: Fly out, F5 (Line Drive, 56D, EV 67.5 MPH)
Top of the 6th over - 0 runs, 0 hits, 0 errors, 0 left on base; Seattle (APP) 0 - Detroit (APP) 3
BOTTOM OF THE 6TH
Detroit (APP) Tigers batting - Pitching for Seattle (APP) Mariners : RHP Eric Dixon
Batting: LHB Timotheus Young 0-0: Ball
1-0: Ball
2-0: Ball
3-0: Base on Balls
Pitching: RHP Frank Cabrera
Batting: RHB Billy Verdusco 0-0: Fielders Choice at 2nd, 4-6 (Groundball, 34, EV 85.0 MPH)
Batting: RHB Norm Wood 0-0: Ball
1-0: Ball
2-0: Swinging Strike
2-1: Ball
3-1: Swinging Strike
3-2: Foul Ball, location: 2F
3-2: Grounds into double play, 6-4-3 (Groundball, 6, EV 102.5 MPH)
Bottom of the 6th over - 0 runs, 0 hits, 0 errors, 0 left on base; Seattle (APP) 0 - Detroit (APP) 3
TOP OF THE 7TH
Seattle (APP) Mariners batting - Pitching for Detroit (APP) Tigers : RHP Matt Haberle
Batting: LHB Prince Nunley 0-0: SINGLE (Groundball, 4D, EV 96.2 MPH)
Pinch Hitting: RHB Chris Van Niel 0-0: Called Strike
0-1: Called Strike
0-2: Ball
1-2: Strikes out swinging
Pitching: LHP Josh Sinclair
Batting: LHB Chang Huie 0-0: Fielders Choice at 2nd, 1-6 (Groundball, P, EV 71.9 MPH)
Batting: RHB John Vasquez 0-0: Called Strike
0-1: Ground out 4-3 (Groundball, 34, EV 90.0 MPH)
Top of the 7th over - 0 runs, 1 hit, 0 errors, 1 left on base; Seattle (APP) 0 - Detroit (APP) 3
BOTTOM OF THE 7TH
Detroit (APP) Tigers batting - Pitching for Seattle (APP) Mariners : RHP Frank Cabrera
Now at 2B: Chris Van Niel
Batting: RHB Kevin Steed 0-0: Ball
1-0: Called Strike
1-1: Ball
2-1: Swinging Strike
2-2: Foul Ball, location: 2F
2-2: Ball
3-2: Foul Ball, location: 2F
3-2: Base on Balls
Batting: RHB Yasutaka Yamasaki 0-0: Called Strike
0-1: Ball
1-1: Foul Ball, location: 2F
1-2: Strikes out swinging
Batting: LHB Afanasy Zasekin 0-0: Called Strike
0-1: Swinging Strike
0-2: Foul Ball, location: 2F
0-2: Ball
1-2: Strikes out swinging
Batting: RHB Ernst Meloche 0-0: Ball
1-0: Ball
2-0: Ball
3-0: Called Strike
3-1: Base on Balls
Kevin Steed to second
Pitching: RHP Bryce Blanksby
Batting: LHB Glen Boyle 0-0: Ground out 4-3 (Groundball, 34D, EV 88.1 MPH)
Bottom of the 7th over - 0 runs, 0 hits, 0 errors, 2 left on base; Seattle (APP) 0 - Detroit (APP) 3
TOP OF THE 8TH
Seattle (APP) Mariners batting - Pitching for Detroit (APP) Tigers : LHP Josh Sinclair
Batting: SHB Carlos Luna 0-0: Ball
1-0: Ground out 5-3 (Groundball, 56S, EV 69.4 MPH)
Batting: SHB Raghnall Ahearne 0-0: Swinging Strike
0-1: Ball
1-1: Ground out 4-3 (Groundball, 4, EV 100.6 MPH)
Batting: SHB Frank Amato 0-0: Foul Ball, location: 2F
0-1: Foul Ball, location: 2F
0-2: Ball
1-2: Strikes out swinging
Top of the 8th over - 0 runs, 0 hits, 0 errors, 0 left on base; Seattle (APP) 0 - Detroit (APP) 3
BOTTOM OF THE 8TH
Detroit (APP) Tigers batting - Pitching for Seattle (APP) Mariners : RHP Bryce Blanksby
Batting: RHB Seth Fox 0-0: Foul Ball, location: 2F
0-1: SINGLE (Groundball, 56S, EV 68.8 MPH) (infield hit)
Batting: LHB Timotheus Young 0-0: Ball
1-0: Ball
2-0: Ball
3-0: Called Strike
3-1: Base on Balls
Seth Fox to second
Batting: RHB Billy Verdusco 0-0: Ball
1-0: Hit by Pitch
Seth Fox to third
Timotheus Young to second
Batting: RHB Norm Wood 0-0: Ball
1-0: Ball
2-0: SINGLE (Groundball, 6MD, EV 108.1 MPH)
Seth Fox scores
Timotheus Young to third
Billy Verdusco to second
Batting: RHB Kevin Steed 0-0: Called Strike
0-1: Ball
1-1: Ball
2-1: Ball
3-1: Foul Ball, location: 2F
3-2: Base on Balls
Timotheus Young scores
Billy Verdusco to third
Norm Wood to second
Batting: RHB Yasutaka Yamasaki 0-0: Swinging Strike
0-1: Ball
1-1: Foul Ball, location: 2F
1-2: Foul Ball, location: 2F
1-2: Foul Ball, location: 2F
1-2: Strikes out swinging
Pitching: RHP Mario Mata
Batting: LHB Afanasy Zasekin 0-0: Ball
1-0: Foul Ball, location: 2LF, Error on foul ball, E2
1-1: Foul Ball, location: 2F
1-2: Foul Ball, location: 2F
1-2: Ball
2-2: Foul Ball, location: 2F
2-2: Foul Ball, location: 2F
2-2: Foul Ball, location: 2F
2-2: Ball
3-2: Foul Ball, location: 2F
3-2: Strikes out swinging
Batting: RHB Ernst Meloche 0-0: Called Strike
0-1: Foul Ball, location: 2F
0-2: GRAND SLAM HOME RUN (Flyball, 7LD, EV 95.0 MPH), Distance : 338 ft
Batting: LHB Glen Boyle 0-0: Foul Ball, location: 2F
0-1: Ground out 4-3 (Groundball, 4, EV 90.6 MPH)
Bottom of the 8th over - 6 runs, 3 hits, 1 error, 0 left on base; Seattle (APP) 0 - Detroit (APP) 9
TOP OF THE 9TH
Seattle (APP) Mariners batting - Pitching for Detroit (APP) Tigers : LHP Josh Sinclair
Batting: RHB Danny Pujols 0-0: Called Strike
0-1: Called Strike
0-2: Ground out 5-3 (Groundball, 56, EV 100.0 MPH)
Batting: RHB Omar Solis 0-0: Ball
1-0: Ball
2-0: DOUBLE (Groundball, 5L, EV 100.6 MPH)
Pitching: LHP Jim Belcher
Batting: LHB Prince Nunley 0-0: Called Strike
0-1: Ball
1-1: Ball
2-1: Foul Ball, location: 2F
2-2: Strikes out looking
Batting: RHB Chris Van Niel 0-0: Ground out 6-3 (Groundball, 6, EV 83.1 MPH)
Top of the 9th over - 0 runs, 1 hit, 0 errors, 1 left on base; Seattle (APP) 0 - Detroit (APP) 9
Tuesday, March 28th , 2023 - OOTP Baseball 23.10 Build 110